 Dungeon Crawl Stone Soup version 0.20-a0-754-g13ddd6e (webtiles) character file.

1761 Nigilith the Grappler (level 9, -4/84 HPs)
             Began as an Ogre Monk on Feb 25, 2017.
             Slain by an ice beast (12 damage)
             ... on level 6 of the Dungeon.
             The game lasted 00:21:31 (7664 turns).

Nigilith the Grappler (Ogre Monk)                   Turns: 7664, Time: 00:21:32

Health: -4/84      AC:  3    Str: 19    XL:     9   Next: 7%
Magic:  9/9        EV: 10    Int: 12    God:
Gold:   198        SH:  0    Dex: 11    Spells: 8/8 levels left

rFire    . . .     SeeInvis .     - Unarmed
rCold    . . .     Gourm    .   j - +0 robe {rN+}
rNeg     + . .     Faith    +   (no shield)
rPois    .         Spirit   .   (helmet restricted)
rElec    .         Reflect  .   (no cloak)
rCorr    .         Harm     .   (gloves unavailable)
MR       .....                  (boots unavailable)
Stlth    ++........             c - amulet of faith
Regen    0.3/turn               (no ring)
MPRegen  0.2/turn               (no ring)

@: no status effects
A: unfitting armour, tough skin 1
a: no special abilities


You were on level 6 of the Dungeon.
You were not hungry.

You visited 1 branch of the dungeon, and saw 6 of its levels.

You collected 279 gold pieces.
You spent 81 gold pieces at shops.

Inventory:

Missiles
 d - 5 large rocks (quivered)
Armour
 j - a +0 robe of positive energy (worn)
Jewellery
 c - an amulet of faith (around neck)
Scrolls
 a - 3 scrolls of recharging {unknown}
 e - 5 scrolls of remove curse
 g - 6 scrolls of identify
 h - a scroll of teleportation
 k - 3 scrolls of amnesia {unknown}
 n - 2 scrolls of fear {unknown}
 q - a scroll of noise {unknown}
 r - 3 scrolls of random uselessness {unknown}
 v - a scroll of fog {unknown}
Potions
 o - a potion of curing
 p - 2 potions of berserk rage
 s - a potion of brilliance
 t - a potion of flight
 u - 3 potions of haste
Comestibles
 b - 4 bread rations
 f - 9 fruits
 i - 6 meat rations
 l - 4 royal jellies
 w - 2 chunks of flesh


   Skills:
 - Level 4.0 Fighting
 - Level 2.6 Dodging
 - Level 1.4 Stealth
 + Level 10.7 Unarmed Combat


You had 8 spell levels left.
You didn't know any spells.

Dungeon Overview and Level Annotations

Branches:
Dungeon (6/15)
 Temple: D:4-7

Altars:
The Shining One

Shops:
D:4 [   D:5 =


Innate Abilities, Weirdness & Mutations

You are too large for most types of armour.
You have tough skin. (AC +1)


Message History

* * * LOW HITPOINT WARNING * * *
You feel sick. The orc priest barely misses you.
You feel much better.
You feel sick. The ice beast hits you. The ice beast freezes you!
The orc priest hits you with a morningstar of venom!
* * * LOW HITPOINT WARNING * * *
You barely miss the orc priest.
The orc priest is almost dead.
You feel sick. The ice beast hits you.
* * * LOW HITPOINT WARNING * * *
The ice beast freezes you!
* * * LOW HITPOINT WARNING * * *
You feel better. The orc priest barely misses you.
The ice beast hits you but does no damage.
You hit the orc priest.
You kill the orc priest!
The ice beast hits you.
* * * LOW HITPOINT WARNING * * *
The ice beast freezes you!
You die...

####..#....... .#
...#....(........ ##.#.
##<#.............. ##.....
#.#.#.#.......... .....
##...#......#...###..#
................#...#
###.########..# #...###.#
....### ##...###.........
.##...####..#...@)#.......
.####.....)##.#Y).........
....##..##..#...###.......
###....####†....# .......
# #...#####.#.#.# .......
###....##.....#.# .......
....#<....##.##.# ####
#####...####.##.# #Y#.#
..#


You could see an ice beast.

Vanquished Creatures
  Duvessa (D:4)
  3 ogres
  Dowan (D:4)
  A wyvern skeleton (D:6)
  3 crimson imps
  A centaur zombie (D:5)
  A hound (D:4)
  2 bullfrog zombies (D:5)
  9 orc priests
  4 bullfrog skeletons
  2 centaur skeletons
  Terence (D:2)
  An iguana (D:4)
  2 orc wizards
  6 worker ants
  A hound zombie (D:5)
  2 hound skeletons (D:5)
  2 worker ant zombies (D:5)
  13 gnolls
  5 adders
  An ooze (D:3)
  2 adder skeletons
  An adder zombie (D:5)
  3 worms
  4 dart slugs
  8 leopard geckos
  14 orcs
  11 bats
  3 giant cockroaches
  6 goblins
  10 hobgoblins
  8 jackals
  7 kobolds
  4 quokkas
  3 ball pythons
  2 ball python skeletons (D:4)
  4 frilled lizards
  2 giant cockroach zombies (D:5)
  2 jackal zombies (D:5)
  2 leopard gecko skeletons
  9 rats
167 creatures vanquished.

Notes
Turn   | Place    | Note
-------+----------+-------------------------------------------
     0 | D:1      | Nigilith the Ogre Monk began the quest for the Orb.
     0 | D:1      | Reached XP level 1. HP: 24/24 MP: 1/1
    40 | D:1      | Reached skill level 3 in Unarmed Combat
    46 | D:1      | Reached XP level 2. HP: 24/32 MP: 2/2
   575 | D:1      | Reached XP level 3. HP: 33/39 MP: 3/3
  1015 | D:1      | Reached skill level 4 in Unarmed Combat
  1396 | D:2      | Noticed Terence
  1428 | D:2      | Killed Terence
  1428 | D:2      | Reached XP level 4. HP: 6/48 MP: 4/4
  2289 | D:3      | Reached skill level 5 in Unarmed Combat
  2289 | D:3      | Reached XP level 5. HP: 22/54 MP: 5/5
  3014 | D:3      | Reached XP level 6. HP: 52/62 MP: 6/6
  3029 | D:3      | Reached skill level 6 in Unarmed Combat
  3833 | D:3      | Found a glowing golden altar of the Shining One.
  4187 | D:4      | Reached skill level 7 in Unarmed Combat
  4187 | D:4      | Reached XP level 7. HP: 47/70 MP: 7/7
  5020 | D:4      | Noticed Duvessa
  5023 | D:4      | Noticed Dowan
  5058 | D:4      | Killed Duvessa
  5066 | D:4      | Found Nar Heu's Antique Armour Emporium.
  5380 | D:3      | Reached skill level 8 in Unarmed Combat
  5547 | D:4      | Bought an embroidered robe for 81 gold pieces
  5567 | D:4      | Killed Dowan
  5761 | D:5      | Entered Level 5 of the Dungeon
  5785 | D:5      | Reached XP level 8. HP: 71/78 MP: 8/8
  5892 | D:5      | Found Meahisan's Jewellery Boutique.
  6007 | D:5      | Reached skill level 9 in Unarmed Combat
  6881 | D:6      | Reached skill level 10 in Unarmed Combat
  7558 | D:6      | Reached XP level 9. HP: 40/84 MP: 9/9
  7664 | D:6      | Slain by an ice beast

Vault maps used:
D:1:      dpeg_arrival_court, minmay_shallow_snake_nest
D:2:      uniq_terence
D:3:      first_bread, tso_metal_star
D:4:      serial_shops, nicolae_shop_stone, uniq_duvessa
D:5:      serial_shops, shop, serial_undead, serial_undead_f, serial_undead_b,
          serial_undead_e, serial_undead_b
D:6:      serial_shops, nicolae_shop_waterfront, shop, shop

Skill      XL: |  1  2  3  4  5  6  7  8 |
---------------+-------------------------+-----
Unarmed Combat | 3 4 5 7 8 10 | 10.7
Fighting       | |  4.0
Dodging        | |  2.6
Stealth        | |  1.4

Action                   |  1- 3 |  4- 6 |  7- 9 || total
-------------------------+-------+-------+-------++-------
Melee: Unarmed           |   169 |   278 |   324 ||   771
       Punch             |     1 |     8 |    16 ||    25
  Use: Potion            |     1 |     1 |    11 ||    13
       Scroll            |       |       |     3 ||     3
 Stab: Sleeping          |     2 |     2 |       ||     4
  Eat: Chunk             |     2 |     9 |    10 ||    21
       Fruit             |       |       |     1 ||     1
Armor: Robe              |    48 |    69 |    41 ||   158
Dodge: Dodged            |    78 |   128 |   141 ||   347
